 Dungeon Crawl Stone Soup version 0.23.2-33-g5129a83184 (webtiles) character file.

Game seed: 3122394336265499226

413 DorianNounverber the Thaumaturge (level 6, -3/32 HPs)
             Began as a Deep Elf Wizard on July 10, 2019.
             Shot with an arrow by a centaur (9 damage)
             ... on level 8 of the Dungeon.
             The game lasted 00:21:06 (6364 turns).

DorianNounverber the Thaumaturge (Deep Elf Wizard)  Turns: 6364, Time: 00:21:09

Health: -3/32      AC:  4    Str:  4    XL:     6   Next: 59%
Magic:  2/19       EV: 14    Int: 25    God:
Gold:   197        SH:  0    Dex: 13    Spells: 11/22 levels left

rFire    . . .     SeeInvis .   u - +1 mace (holy)
rCold    . . .     Gourm    .   (no shield)
rNeg     . . .     Faith    .   p - +0 robe
rPois    .         Spirit   .   v - +1 hat
rElec    .         Reflect  .   (no cloak)
rCorr    .         Harm     .   i - +0 pair of gloves
MR       .....                  (no boots)
Stlth    ++........             (no amulet)
HPRegen  0.10/turn              (no ring)
MPRegen  0.16/turn              (no ring)

@: no status effects
A: no striking features
a: no special abilities


You were on level 8 of the Dungeon.
You were not hungry.

You visited 1 branch of the dungeon, and saw 8 of its levels.

You collected 197 gold pieces.

Inventory:

Hand Weapons
 u - a +1 mace of holy wrath (weapon)
Missiles
 n - a throwing net (quivered)
Armour
 a - a +0 robe
 b - a +0 hat
 i - a +0 pair of gloves (worn)
 p - a +0 robe (worn)
 v - a +1 hat (worn)
Wands
 w - a wand of polymorph (8)
 C - a wand of acid (14)
Scrolls
 f - 4 scrolls of remove curse
 h - a scroll of enchant weapon {unknown}
 j - a scroll of identify
 k - a scroll of blinking {unknown}
 s - a scroll of immolation {unknown}
 z - a scroll of fear {unknown}
 D - a scroll of fog {unknown}
Potions
 c - a potion of lignification
 e - 2 potions of might
 g - 2 potions of invisibility {unknown}
 l - a potion of brilliance
 o - 2 potions of curing
 q - a potion of agility {unknown}
 r - a potion of ambrosia {unknown}
 t - a potion of cancellation
 x - a potion of haste {unknown}
 A - a potion of flight {unknown}
 B - a potion of heal wounds {unknown}
Comestibles
 d - 6 rations


   Skills:
 + Level 0.1 Fighting
 * Level 3.8 Dodging
 + Level 2.9 Stealth
 * Level 8.5 Spellcasting
 + Level 2.1 Conjurations
 + Level 2.5 Summonings
 + Level 1.1 Translocations
 + Level 0.1 Fire Magic


You had 11 spell levels left.
You knew the following spells:

 Your Spells              Type           Power        Failure   Level  Hunger
a - Magic Dart            Conj           ###.         2%          1    None
b - Blink                 Tloc           N/A          5%          2    None
c - Call Imp              Summ           ###.....     3%          2    None
d - Conjure Flame         Conj/Fire      ###.....     11%         3    None
e - Mephitic Cloud        Conj/Pois/Air  ##......     13%         3    None

Your spell library contained the following spells:

 Spells                   Type           Power        Failure   Level  Hunger
 Slow                     Hex            ##......     9%          2    None


Dungeon Overview and Level Annotations

Branches:
Dungeon (9/15)
 Temple: D:4-7         Lair: D:8-11         Orc: D:9-12

Altars:
Gozag
Xom

Annotations:
D:5 Eustachio


Message History

Your crimson imp blinks!
What are your orders? t - Shout!
Orders for allies: a - Attack new target. p - Attack previous target. r - Retreat! s - Stop attacking. g - Guard the area. f - Follow me.
Anything else - Cancel.
Gang up on whom?
Press: ? - help, Dir - move target cursor, f/p - centaur skeleton
Aim: a centaur skeleton (moderately damaged) Attack!
The centaur skeleton hits you.
* * * LOW HITPOINT WARNING * * *
Your iron imp hits the centaur skeleton.
Casting: Call Imp (safe; 3% risk of failure)
Confirm with . or Enter, or press ? or * to list all spells.
You blink.
A black bear, 2 orcs and a centaur come into view.
The centaur wields a +0 shortbow.
The centaur shoots an arrow.
The arrow hits you!
You die...

###############
..............#
...........55§#
.........5..Z§#
.......@.######
.........#
.........#
........h#
....oc...#
##.......#
#.......#
#.o.....#


You could see a black bear (sleeping), a centaur, 2 orcs, a centaur skeleton, a
friendly iron imp and 2 friendly crimson imps.

Vanquished Creatures
  A phantom (D:4)
  2 worker ants (D:4)
  An adder (D:2)
  2 leopard geckos (D:5)
  5 orcs (D:3)
  5 bats
  4 giant cockroaches
  4 goblins
  7 hobgoblins
  3 jackals (D:4)
  4 kobolds
  A quokka (D:2)
  3 frilled lizards
  6 rats
48 creatures vanquished.

Vanquished Creatures (collateral kills)
  An ogre (D:3)
  A scorpion (D:4)
  A howler monkey (D:4)
  An iguana (D:5)
  3 worker ants (D:4)
  A howler monkey zombie (D:5)
  3 gnolls (D:3)
  3 adders (D:2)
  An adder skeleton (D:5)
  3 worms
  A dart slug (D:3)
  5 orcs
  2 bats
  3 goblins
  3 hobgoblins
  A jackal (D:4)
  A quokka skeleton (D:4)
  A rat (D:3)
35 creatures vanquished.

Grand Total: 83 creatures vanquished

Notes
Turn   | Place    | Note
-------+----------+-------------------------------------------
     0 | D:1      | DorianNounverber the Deep Elf Wizard began the quest for
                  | the Orb.
     0 | D:1      | Reached XP level 1. HP: 10/10 MP: 7/7
   178 | D:1      | Found a shimmering altar of Xom.
   226 | D:1      | Found a deep blue altar of Sif Muna.
   226 | D:1      | Found an opulent altar of Gozag.
   228 | D:1      | Found a radiant altar of Vehumet.
   228 | D:1      | Found a blossoming altar of Fedhas.
   228 | D:1      | Found a shimmering altar of Xom.
   294 | D:1      | Reached XP level 2. HP: 15/15 MP: 5/9
   298 | D:1      | Learned a level 2 spell: Blink
   301 | D:1      | Learned a level 2 spell: Call Imp
   332 | D:1      | Reached skill level 5 in Spellcasting
   955 | D:2      | Reached XP level 3. HP: 14/19 MP: 1/11
  1120 | D:2      | Learned a level 3 spell: Conjure Flame
  1124 | D:2      | Learned a level 3 spell: Mephitic Cloud
  1705 | D:2      | Reached skill level 6 in Spellcasting
  2452 | D:3      | Reached XP level 4. HP: 24/24 MP: 10/14
  2847 | D:3      | Noticed an ogre
  2859 | D:3      | Killed an ogre
  2971 | D:3      | Reached XP level 5. HP: 28/28 MP: 1/16
  3614 | D:3      | Found an opulent altar of Gozag.
  3866 | D:4      | Reached skill level 7 in Spellcasting
  4581 | D:4      | Noticed a phantom
  4611 | D:4      | Killed a phantom
  4611 | D:4      | Reached XP level 6. HP: 32/32 MP: 3/18
  4805 | D:4      | Reached skill level 8 in Spellcasting
  5349 | D:5      | Entered Level 5 of the Dungeon
  5350 | D:5      | Noticed Eustachio
  6054 | D:6      | You fall through a shaft for 2 floors!
  6054 | D:8      | Noticed an orc warrior
  6364 | D:8      | Shot with an arrow by a centaur

Skill      XL: |  1  2  3  4  5  6 |
---------------+-------------------+-----
Spellcasting   | 5 6 7 8 |  8.5
Dodging        | 3 |  3.8
Summonings     | 2 |  2.5
Conjurations   | 2 |  2.1
Fighting       | |  0.1
Stealth        | |  2.9
Translocations | |  1.1
Fire Magic     | |  0.1

Action                   |  1- 3 |  4- 6 || total
-------------------------+-------+-------++-------
Melee: Unarmed           |     1 |       ||     1
       Mace              |       |     8 ||     8
 Cast: Magic Dart        |    65 |    98 ||   163
       Call Imp          |    28 |    64 ||    92
       Conjure Flame     |     1 |    12 ||    13
       Mephitic Cloud    |       |     2 ||     2
       Blink             |       |    24 ||    24
  Use: Scroll            |       |     9 ||     9
  Eat: Ration            |     2 |     2 ||     4
       Chunk             |       |     3 ||     3
Armor: Robe              |    12 |    19 ||    31
Dodge: Dodged            |    30 |    44 ||    74
